 Dungeon Crawl Stone Soup version 0.28.0-53-g5a82cb258f (webtiles) character file.

Game seed: 11469477943988353992

214 Infinimo the Cudgeller (level 5, 0/34 HPs)
             Began as a Gargoyle Berserker on June 16, 2022.
             Was a Believer of Trog.
             Slain by a water moccasin (7 damage)
             ... on level 3 of the Dungeon.
             The game lasted 00:02:58 (2582 turns).

Infinimo the Cudgeller (Gargoyle Berserker)         Turns: 2582, Time: 00:02:59

Health: 0/34       AC: 13    Str: 22    XL:     5   Next: 92%
Magic:  5/5        EV:  8    Int:  8    God:    Trog [**....]
Gold:   119        SH:  0    Dex:  9    Spells: 4/4 levels left

rFire   . . .      SeeInvis .   a - +1 mace
rCold   . . .      Faith    .   (no shield)
rNeg    + . .      Spirit   .   i - +0 chain mail
rPois   ∞          Reflect  .   (no helmet)
rElec   +          Harm     .   (no cloak)
rCorr   .          Rampage  .   (no gloves)
Will    .....                   (no boots)
Stlth   ..........              (no amulet)
HPRegen 0.11/turn               (no ring)
MPRegen 0.09/turn               (no ring)

@: on berserk cooldown, slowed, very slow
A: sickness immunity, AC +4, negative energy resistance 1, electricity
resistance, torment resistance 1, petrification resistance
a: Renounce Religion, Berserk, Trog's Hand


You were on level 3 of the Dungeon.
You worshipped Trog.
Trog was pleased with you.
You visited 1 branch of the dungeon, and saw 3 of its levels.
You also visited: Sewer.

You collected 119 gold pieces.

Inventory:

Hand Weapons
 a - a +1 mace (weapon)
Armour
 i - a +0 chain mail (worn)
Jewellery
 g - a ring of fire
 m - a ring of willpower
Scrolls
 f - 3 scrolls of magic mapping
Potions
 b - a potion of lignification {unknown}
 c - 5 potions of curing
 d - a potion of brilliance
 e - a potion of mutation {unknown}
 j - a potion of might {unknown}
 k - a potion of attraction {unknown}
 l - a potion of invisibility {unknown}


   Skills:
 + Level 4.4 Fighting
 * Level 5.0 Maces & Flails
 + Level 3.7 Armour
 - Level 1.5 Dodging


You had 4 spell levels left.
You didn't know any spells.
Your spell library was empty.

Dungeon Overview and Level Annotations

Branches:
Dungeon (3/15)              Sewer (visited)

Altars:

Shops:
D:1 [


Innate Abilities, Weirdness & Mutations

You are immune to sickness and miasma.
Your stone body is resilient. (AC +4)
You are immune to poison.
You resist negative energy. (rN+)
You are resistant to electric shocks. (rElec)
You are resistant to unholy torment.
You are immune to petrification.


Message History

You thump the gnoll!
The gnoll is heavily wounded.
The gnoll closely misses you.
You barely miss the gnoll.
The gnoll is heavily wounded.
The gnoll hits you with a +0 spear.
You barely miss the gnoll.
The gnoll is heavily wounded.
The gnoll hits you but does no damage.
You closely miss the gnoll.
The gnoll is heavily wounded.
The ball python barely misses you. The ball python grabs you.
The ball python constricts you. The gnoll hits you with a +0 spear.
You barely miss the ball python. You closely miss the ball python.
The ball python barely misses you. The ball python constricts you.
The gnoll hits you with a +0 spear. The water moccasin bites you!
You barely miss the ball python.
The ball python bites you but does no damage.
The ball python constricts you.
The water moccasin bites you but does no damage.
The gnoll hits you but does no damage.
You sock the ball python!
You kill the ball python!
Trog accepts your kill. The water moccasin bites you!
The gnoll hits you with a +0 spear!
* * * LOW HITPOINT WARNING * * *
You barely miss the goblin. The water moccasin bites you.
* * * LOW HITPOINT WARNING * * *
The gnoll hits you but does no damage. The goblin barely misses you.
The water moccasin barely misses you.
You closely miss the goblin.
You are no longer berserk.
You are exhausted.
You feel yourself slow down. The water moccasin barely misses you.
As you read the scroll labelled BEREOPN ZUISIU, it crumbles to dust.
The scroll dissolves into smoke.
It was a scroll of fog.
The gnoll hits you but does no damage. The goblin hits you but does no damage.
The water moccasin bites you!
You die...

,* *,,,,,,,,,,,,,* *,
,*
#,,*###*,^..,,*********
#*
#.**...**..,,,,,,,,,,,,
#.#,#.#,#.+#***********
#...#:#....#
#.#.#.#.#.§# #######
#.##..g##r.# #......
#..#####§§.# #......
*#..§S@gl#** #......
######g#########..<...
#§§..)...........
#########........
#........ #........
#....#### #....# #....#


You could see a water moccasin, a gnoll, a goblin, a frilled lizard and a rat.

Vanquished Creatures
  A water moccasin (Sewer)
  2 adders
  2 river rats (D:3)
  A worm (D:2)
  2 dart slugs (D:2)
  3 bats
  6 endoplasms
  5 giant cockroaches
  6 goblins
  4 hobgoblins
  A jackal (Sewer)
  5 kobolds
  A quokka (D:1)
  10 ball pythons
  A frilled lizard (D:1)
  10 rats
60 creatures vanquished.

Notes
Turn   | Place    | Note
-------+----------+-------------------------------------------
     0 | D:1      | Infinimo the Gargoyle Berserker began the quest for the
                  | Orb.
     0 | D:1      | Reached XP level 1. HP: 14/14 MP: 1/1
    39 | D:1      | Found Voytwo Vela's Antique Armour Boutique.
   310 | D:1      | Reached XP level 2. HP: 19/19 MP: 2/2
   741 | D:1      | Reached XP level 3. HP: 23/23 MP: 3/3
   809 | D:1      | Reached ** piety under Trog
  1502 | D:2      | Reached skill level 4 in Maces & Flails
  1502 | D:2      | Reached XP level 4. HP: 29/29 MP: 4/4
  2288 | D:3      | Found a glowing drain.
  2296 | Sewer    | Entered a sewer
  2361 | Sewer    | Noticed a water moccasin
  2377 | Sewer    | Killed a water moccasin
  2378 | Sewer    | Reached skill level 5 in Maces & Flails
  2378 | Sewer    | Reached XP level 5. HP: 34/34 MP: 5/5
  2547 | D:3      | Noticed a water moccasin
  2582 | D:3      | Slain by a water moccasin

Illustrated notes

Levels and vault maps discovered:
D:1:      onia_arrival_handbag, layout_rooms, serial_shops, shop,
          minmay_misc_feat_enclosed, minmay_misc_feat_tiny
D:2:      layout_basic, st_stairs_2
D:3:      layout_basic, nicolae_overflow_ecumenical_swirl,
          lightli_temple_of_fire, portal_sewer_entry_e, minmay_checkerbox

Skill      XL: |  1  2  3  4 |
---------------+-------------+-----
Maces & Flails | 4 5 |  5.0
Armour         | 3 |  3.7
Fighting       | 4 |  4.4
Dodging        | |  1.5

Action                   |  1- 3 |  4- 6 || total
-------------------------+-------+-------++-------
Melee: Mace              |   105 |    68 ||   173
       Punch             |       |     1 ||     1
Invok: Berserk           |     4 |     3 ||     7
  Use: Scroll            |       |     6 ||     6
 Stab: Sleeping          |     1 |       ||     1
Armor: Animal skin       |    61 |     2 ||    63
       Chain mail        |       |    34 ||    34
Dodge: Dodged            |    74 |    26 ||   100
